 Dungeon Crawl Stone Soup version 0.28.0 (webtiles) character file.

Game seed: 16857141972632068676

723 danielguo94 the Cudgeller (level 7, -3/43 HPs)
             Began as a Gargoyle Fighter on Feb 5, 2022.
             Was an Initiate of the Shining One.
             Slain by an iguana (9 damage)
             ... on level 5 of the Dungeon.
             The game lasted 00:05:21 (3472 turns).

danielguo94 the Cudgeller (Gargoyle Fighter)        Turns: 3472, Time: 00:05:21

Health: -3/43      AC: 14    Str: 21    XL:     7   Next: 71%
Magic:  7/7        EV:  7    Int:  9    God:    the Shining One [......]
Gold:   217        SH:  4    Dex:  9    Spells: 6/6 levels left

rFire   . . .      SeeInvis .   a - +0 flail
rCold   . . .      Faith    .   c - +0 buckler
rNeg    + . .      Spirit   .   k - +0 chain mail
rPois   ∞          Reflect  .   (no helmet)
rElec   +          Harm     .   (no cloak)
rCorr   .          Rampage  .   (no gloves)
Will    .....                   (no boots)
Stlth   ..........              f - amulet of the acrobat
HPRegen 0.14/turn               (no ring)
MPRegen 0.10/turn               (no ring)

@: glowing
A: sickness immunity, AC +4, negative energy resistance 1, electricity
resistance, torment resistance 1, petrification resistance
a: Renounce Religion


You were on level 5 of the Dungeon.
You worshipped the Shining One.
The Shining One was noncommittal.
You visited 1 branch of the dungeon, and saw 5 of its levels.

You collected 217 gold pieces.

Inventory:

Hand Weapons
 a - a +0 flail (weapon)
Missiles
 i - 59 stones (quivered)
Armour
 c - a +0 buckler (worn)
 k - a +0 chain mail (worn)
Jewellery
 f - an amulet of the acrobat (around neck)
Scrolls
 b - a scroll of fog
 e - 2 scrolls of enchant armour
 h - a scroll of magic mapping
 j - 2 scrolls of teleportation
 l - a scroll of immolation
 m - a scroll of acquirement
 n - 2 scrolls of summoning {unknown}
Potions
 d - a potion of might
 g - a potion of invisibility


   Skills:
 + Level 4.2 Fighting
 * Level 7.0 Maces & Flails
 + Level 4.6 Armour
 + Level 1.0 Dodging
 + Level 4.1 Shields


You had 6 spell levels left.
You didn't know any spells.
Your spell library contained the following spells:

 Spells                   Type           Power      Damage    Failure   Level
 Scorch                   Fire           0%         2d5       100%        2
 Conjure Flame            Conj/Fire      0%         6-21      100%        3
 Ignite Poison            Fire/Tmut/Pois 0%         N/A       100%        3
 Flame Wave               Conj/Fire      0%         2d4       100%        4
 Sticky Flame             Conj/Fire      0%         2d3       100%        4
 Summon Cactus Giant      Summ           0%         N/A       100%        6


Dungeon Overview and Level Annotations

Branches:
Dungeon (5/15)
 Temple: D:4-7

Altars:
Sif Muna
The Shining One


Innate Abilities, Weirdness & Mutations

You are immune to sickness and miasma.
Your stone body is resilient. (AC +4)
You are immune to poison.
You resist negative energy. (rN+)
You are resistant to electric shocks. (rElec)
You are resistant to unholy torment.
You are immune to petrification.


Message History

You are too injured to fight recklessly!
You are too injured to fight recklessly!
You are too injured to fight recklessly!
You are too injured to fight recklessly!
You are too injured to fight recklessly!
You are too injured to fight recklessly!
You are too injured to fight recklessly!
You are too injured to fight recklessly!
You are too injured to fight recklessly!
You are too injured to fight recklessly!
You are too injured to fight recklessly!
You are too injured to fight recklessly!
You are too injured to fight recklessly!
You are too injured to fight recklessly!
You are too injured to fight recklessly!
You are too injured to fight recklessly!
You are too injured to fight recklessly!
You are too injured to fight recklessly!
You are too injured to fight recklessly!
You are too injured to fight recklessly!
You are too injured to fight recklessly!
You are too injured to fight recklessly!
You are too injured to fight recklessly!
You are too injured to fight recklessly!
You closely miss the water moccasin.
The water moccasin is almost dead.
The water moccasin bites you but does no damage. x2
The iguana bites you.
* * * LOW HITPOINT WARNING * * *
Unknown command.
You sock the water moccasin!
You kill the water moccasin!
The iguana bites you but does no damage.
Your Maces & Flails skill increases to level 7!
Unknown command.
Okay, then.
You sock the iguana!
The iguana is moderately wounded.
The iguana bites you!
You die...

##########
#........#####
#...<.........
#........(###
#..........##
######@.....#
#†l.....#
#.....>..
#........
#......#.
#......#
######.# .#


You could see an iguana.

Vanquished Creatures
  A water moccasin (D:5)
  An ice beast (D:3)
  A black bear (D:4)
  An ogre (D:4)
  A phantom (D:4)
  A scorpion (D:3)
  A howler monkey (D:4)
  2 iguanas (D:4)
  A howler monkey skeleton (D:4)
  6 adders
  An adder skeleton (D:4)
  A worm (D:3)
  2 dart slugs (D:1)
  5 orcs (D:3)
  3 endoplasms
  3 giant cockroaches
  12 goblins
  6 hobgoblins
  4 jackals (D:4)
  6 kobolds
  3 quokkas
  4 ball pythons
  5 bats
  8 rats
79 creatures vanquished.

Notes
Turn   | Place    | Note
-------+----------+-------------------------------------------
     0 | D:1      | danielguo94 the Gargoyle Fighter began the quest for the
                  | Orb.
     0 | D:1      | Reached XP level 1. HP: 14/14 MP: 1/1
   141 | D:1      | Reached XP level 2. HP: 10/19 MP: 2/2
   651 | D:1      | Reached XP level 3. HP: 23/23 MP: 3/3
   814 | D:2      | Found a glowing golden altar of the Shining One.
   824 | D:2      | Became a worshipper of the Shining One
  1113 | D:2      | Reached skill level 3 in Maces & Flails
  1515 | D:2      | Reached XP level 4. HP: 28/28 MP: 4/4
  1636 | D:3      | Noticed an ice beast
  1917 | D:4      | Noticed a scorpion
  1934 | D:3      | Killed a scorpion
  1935 | D:3      | Reached skill level 4 in Maces & Flails
  1935 | D:3      | Reached XP level 5. HP: 17/33 MP: 5/5
  2591 | D:4      | Noticed an ogre
  2593 | D:4      | Reached skill level 5 in Maces & Flails
  2593 | D:4      | Reached XP level 6. HP: 37/38 MP: 6/6
  2796 | D:3      | Killed an ice beast
  2818 | D:4      | Noticed a black bear
  2823 | D:4      | Killed a black bear
  2836 | D:4      | Reached skill level 6 in Maces & Flails
  2836 | D:4      | Reached skill level 1 in Dodging
  2836 | D:4      | Reached XP level 7. HP: 2/43 MP: 7/7
  3143 | D:4      | Identified a scroll of acquirement
  3183 | D:4      | Found a shimmering blue altar of Sif Muna.
  3455 | D:5      | Entered Level 5 of the Dungeon
  3472 | D:5      | Reached skill level 7 in Maces & Flails
  3472 | D:5      | Slain by an iguana

Illustrated notes

Levels and vault maps discovered:
D:1:      giann_forest_graveyard, layout_rooms, chequers_jeans,
          wad_woods_river_04
D:2:      minmay_spotlight, layout_basic, basic_altar, kennysheep_generic_room_4
D:3:      layout_basic
D:4:      layout_basic, mainiacjoe_overflow_alcove_4, minivault_19
D:5:      layout_rooms

Skill      XL: |  1  2  3  4  5  6  7 |
---------------+----------------------+-----
Maces & Flails | 3 4 5 6 7 |  7.0
Armour         | 4 |  4.6
Fighting       | 4 |  4.2
Shields        | 4 |  4.1
Dodging        | 1 |  1.0

Action                   |  1- 3 |  4- 6 |  7- 9 || total
-------------------------+-------+-------+-------++-------
Melee: Flail             |   140 |   122 |    40 ||   302
Throw: Stone             |       |     7 |       ||     7
  Use: Scroll            |     1 |     5 |     2 ||     8
Armor: Scale mail        |    58 |       |       ||    58
       Chain mail        |    27 |    63 |    19 ||   109
Dodge: Dodged            |    65 |    59 |    14 ||   138
Block: Buckler           |    31 |    30 |     7 ||    68
